 Dungeon Crawl Stone Soup version 0.23.2-1-ga50397a (webtiles) character file.

Game seed: 18160064027900243372

208 IBeShadow the Caller (level 5, -5/44 HPs)
             Began as a Draconian Summoner on May 10, 2019.
             Slain by Sigmund
             ... wielding a +0 scythe
              (10 damage)
             ... on level 5 of the Dungeon.
             The game lasted 00:16:29 (4922 turns).

IBeShadow the Caller (Draconian Summoner)           Turns: 4922, Time: 00:16:29

Health: -5/44      AC:  6    Str: 15 (16) XL:     5   Next: 55%
Magic:  2/8        EV: 12    Int: 16      God:
Gold:   240        SH:  0    Dex: 10 (11) Spells: 5/8 levels left

rFire    . . .     SeeInvis .   t - +0 halberd
rCold    + . .     Gourm    .   (shield currently unavailable)
rNeg     + . .     Faith    .   (armour unavailable)
rPois    .         Spirit   .   (helmet restricted)
rElec    .         Reflect  .   (no cloak)
rCorr    .         Harm     .   c - +0 pair of gloves
MR       .....                  (no boots)
Stlth    +.........             (no amulet)
HPRegen  0.14/turn              e - ring of protection from cold
MPRegen  0.11/turn              k - ring of positive energy

@: confused, mighty, berserk cooldown, slowed, very slow
A: unfitting armour, cold-blooded, AC +5
a: no special abilities


You were on level 5 of the Dungeon.
You were hungry.

You visited 1 branch of the dungeon, and saw 5 of its levels.

You collected 240 gold pieces.

Inventory:

Hand Weapons
 f - a +0 trident
 s - a +0 whip of electrocution
 t - a +0 halberd (weapon)
Armour
 c - a +0 pair of gloves (worn)
Magical Staves
 o - an uncursed staff of air
Jewellery
 e - a ring of protection from cold (left hand)
 k - a ring of positive energy (right hand)
 m - an uncursed ring of flight
Wands
 p - a wand of digging (7)
Scrolls
 a - a scroll of remove curse {unknown}
 d - 4 scrolls of immolation {unknown}
 h - 2 scrolls of identify {unknown}
 i - 2 scrolls of enchant weapon {unknown}
 j - 2 scrolls of amnesia {unknown}
 l - a scroll of fear {unknown}
 n - a scroll of teleportation {unknown}
 q - a scroll of fog {unknown}
Potions
 g - 2 potions of brilliance
 v - a potion of haste {unknown}
Comestibles
 b - 7 rations
 w - a chunk of flesh


   Skills:
 + Level 2.9 Fighting
 - Level 0.8 Maces & Flails
 + Level 1.3 Polearms
 - Level 1.7 Dodging
 - Level 1.7 Stealth
 - Level 2.0 Spellcasting
 * Level 5.8 Summonings


You had 5 spell levels left.
You knew the following spells:

 Your Spells              Type           Power        Failure   Level  Hunger
a - Summon Small Mammal   Summ           ###.         1%          1    #......
b - Call Imp              Summ           ###.....     2%          2    ###....

Your spell library contained the following spells:

 Spells                   Type           Power        Failure   Level  Hunger
 Call Canine Familiar     Summ           ###.....     5%          3    ###....
 Summon Guardian Golem    Hex/Summ       ##......     19%         3    ###....
 Summon Ice Beast         Ice/Summ       ##......     52%         4    #####..
 Summon Lightning Spire   Summ/Air       ##......     52%         4    #####..


Dungeon Overview and Level Annotations

Branches:
Dungeon (5/15)
 Temple: D:4-7

Altars:
Kikubaaqudgha
Makhleb
Nemelex Xobeh
Qazlal
Ru
The Shining One

Annotations:
D:5 Sigmund


Innate Abilities, Weirdness & Mutations

Your plain brown scales are hard. (AC +5)
You cannot fit into any form of body armour.
You are cold-blooded and may be slowed by cold attacks.


Message History

Something hits you but does no damage.
You hear some strange, mumbled words.
You are confused.
Your crimson imp hits something.
You hear some strange, mumbled words.
You are more confused.
Your crimson imp misses something.
A magic dart appears from out of thin air!
The magic dart hits you.
Your crimson imp barely misses something.
You bump into the rock wall.
Something hits you.
Your crimson imp closely misses something.
Something hits you but does no damage.
Your crimson imp blinks!
You bump into the rock wall.
Something hits you!
* * * LOW HITPOINT WARNING * * *
It was a potion of might.
You feel very mighty all of a sudden. Something hits you!
You die...

#.##.#.#
#.#....#
.##.#.#..###
...........+
###.#....###
#.##.#.#
#......#
####.### #@#
#[# #.#
#.5......
#####.###


You could see a friendly crimson imp.

Vanquished Creatures
  A worker ant (D:4)
  3 gnolls (D:4)
  3 adders
  An ooze (D:3)
  A worm (D:3)
  A dart slug (D:2)
  2 leopard geckos (D:3)
  6 orcs
  6 giant cockroaches
  4 goblins
  A hobgoblin (D:2)
  3 jackals (D:2)
  4 kobolds
  2 quokkas
  7 bats
  A frilled lizard (D:2)
  A leopard gecko skeleton (D:4)
  2 rats
49 creatures vanquished.

Vanquished Creatures (collateral kills)
  A gnoll shaman (D:4)
  An orc wizard (D:3)
  5 gnolls (D:4)
  3 adders
  A worm (D:3)
  A leopard gecko (D:4)
  2 orcs (D:3)
  A jackal (D:2)
  2 quokkas (D:4)
  A ball python (D:4)
  2 bats (D:3)
  2 frilled lizards
  A goblin (D:3)
  3 kobolds
  A rat (D:1)
27 creatures vanquished.

Grand Total: 76 creatures vanquished

Notes
Turn   | Place    | Note
-------+----------+-------------------------------------------
     0 | D:1      | IBeShadow the Draconian Summoner began the quest for the
                  | Orb.
     0 | D:1      | Reached XP level 1. HP: 14/14 MP: 3/3
   915 | D:2      | Reached skill level 1 in Fighting
   915 | D:2      | Reached XP level 2. HP: 22/23 MP: 5/5
  1568 | D:2      | Reached XP level 3. HP: 7/28 MP: 1/6
  2279 | D:3      | Reached skill level 5 in Summonings
  2630 | D:3      | Found a sparkling altar of Nemelex Xobeh.
  2719 | D:3      | Reached XP level 4. HP: 26/36 MP: 2/7
  2726 | D:3      | Learned a level 2 spell: Call Imp
  3453 | D:3      | Reached skill level 1 in Polearms
  3655 | D:3      | Found a glowing golden altar of the Shining One.
  3661 | D:3      | Found an ancient bone altar of Kikubaaqudgha.
  3662 | D:3      | Found a burning altar of Makhleb.
  3931 | D:4      | Reached XP level 5. HP: 42/42 MP: 5/8
  4298 | D:4      | Found a stormy altar of Qazlal.
  4299 | D:4      | Found a sacrificial altar of Ru.
  4821 | D:5      | Entered Level 5 of the Dungeon
  4879 | D:5      | Noticed Sigmund
  4922 | D:5      | Slain by Sigmund

Skill      XL: |  1  2  3  4 |
---------------+-------------+-----
Fighting       | 1 2 |  2.9
Summonings     | 5 |  5.8
Polearms       | 1 |  1.3
Maces & Flails | |  0.8
Dodging        | |  1.7
Stealth        | |  1.7
Spellcasting   | |  2.0

Action                   |  1- 3 |  4- 6 || total
-------------------------+-------+-------++-------
Melee: Unarmed           |    38 |       ||    38
       Short sword       |    51 |       ||    51
       Tailslap          |    11 |     4 ||    15
       Trident           |    57 |    71 ||   128
       Flail             |    25 |       ||    25
       Whip              |       |    10 ||    10
       Halberd           |       |    10 ||    10
 Cast: Summon Small Mamm |    24 |    33 ||    57
       Call Imp          |       |    23 ||    23
  Use: Potion            |     4 |     2 ||     6
 Stab: Sleeping          |     6 |       ||     6
       Distracted        |       |     1 ||     1
  Eat: Chunk             |     6 |     9 ||    15
Armor: Skin              |    71 |    29 ||   100
Dodge: Dodged            |   134 |    55 ||   189
